 Dungeon Sprint DCSS version 0.29-a0-723-gce39da1c22 (webtiles) character file.

Game seed: 9332737289563843104

10 manyhoops the Cudgeller (level 2, -12/26 HPs)
             Began as a Minotaur Fighter on June 28, 2022.
             Mangled by Menkaure (19 damage)
             ... in the Dungeon (Sprint II: "The Violet Keep of Menkaure").
             The game lasted 00:00:45 (203 turns).

manyhoops the Cudgeller (Minotaur Fighter)           Turns: 203, Time: 00:00:45

Health: -12/26     AC:  6    Str: 20    XL:     2   Next: 10%
Magic:  1/1        EV:  9    Int:  5    God:
Gold:   243        SH:  4    Dex:  9    Spells: 1/1 levels left

rFire   . . .      SeeInvis .   a - +0 war axe
rCold   . . .      Faith    .   c - +0 buckler
rNeg    . . .      Spirit   .   b - +0 scale mail
rPois   .          Reflect  .   (helmet restricted)
rElec   .          Harm     .   (no cloak)
rCorr   .          Rampage  .   (no gloves)
Will    .....      NoTele   +   (no boots)
Stlth   ..........              (no amulet)
HPRegen 0.08/turn               (no ring)
MPRegen 0.07/turn               (no ring)

@: mighty
A: horns 2, retaliatory headbutt
a: no special abilities


You were in the Dungeon.
You visited 1 branch You collected 243 gold pieces.

Inventory:

Hand Weapons
 a - a +0 war axe (weapon)
Armour
 b - a +0 scale mail (worn)
 c - a +0 buckler (worn)
Scrolls
 j - a scroll of blinking
Potions
 e - a potion of curing
 g - a potion of haste
 h - 2 potions of magic


   Skills:
 - Level 3.6 Fighting
 - Level 2.4(4.0) Axes
 + Level 5.0(5.2) Maces & Flails
 - Level 3.6 Armour
 - Level 3.6 Shields


You had one spell level left.
You didn't know any spells.
Your spell library was empty.

Dungeon Overview and Level Annotations

Branches:
Dungeon (1/1)

Altars:

Annotations:
D Menkaure


Innate Abilities, Weirdness & Mutations

You have a pair of horns on your head.
You reflexively headbutt those who attack you in melee.


Message History

You feel yourself slow down.
You start resting.
You feel yourself speed up.
You start resting.
You recover from your berserk rage.
You start resting.
HP restored.
There is an open door here.
Things that are here:
a worm corpse; a worm corpse
There is an open door here.
Things that are here:
a worm corpse; a worm corpse
Found 243 gold pieces.
You now have 243 gold pieces.
You open the door.
There is an open door here.
Menkaure, Prince of Dust comes into view.
Menkaure shouts!
Menkaure calls on the powers of darkness!
Your body is wracked with pain!
There is an open door here.
You feel much better.
You feel very mighty all of a sudden.
Menkaure gestures at you while chanting.
You barely resist.
There is an open door here.
You slash Menkaure!
Menkaure is heavily damaged.
Menkaure hits you!!
Ouch! That really hurt!
* * * LOW HITPOINT WARNING * * *
You hit Menkaure.
Menkaure is severely damaged.
Menkaure hits you but does no damage.
You barely miss Menkaure.
Menkaure is severely damaged.
Menkaure hits you!!
Ouch! That really hurt!
You die... ####+#### ##≈§≈≈≈≈≈## ≈≈≈≈≈≈§≈≈ ≈≈≈§≈≈≈ §SS§≈ SSS

#≈≈#+++#+++##
≈≈≈....M....#
≈≈≈≈.##@##..#
≈≈≈ ##..### #
≈ #..##.#
##.#.## ##†##
##.## +.<.+
##.## #+#


You could see Menkaure and 5 electric eels.

Vanquished Creatures
  3 worms (D)
3 creatures vanquished.

Notes
Turn   | Place    | Note
-------+----------+-------------------------------------------
     0 | D        | manyhoops the Minotaur Fighter began the quest for the Orb.
     0 | D        | Reached XP level 1. HP: 19/19 MP: 0/0
    10 | D        | Reached skill level 3 in Maces & Flails
    16 | D        | Reached skill level 4 in Maces & Flails
    19 | D        | Reached skill level 5 in Maces & Flails
    19 | D        | Reached XP level 2. HP: 17/26 MP: 1/1
   193 | D        | Noticed an electric eel
   193 | D        | Noticed an electric eel
   193 | D        | Noticed an electric eel
   194 | D        | Noticed an electric eel
   194 | D        | Noticed an electric eel
   195 | D        | Noticed an electric eel
   195 | D        | Noticed Menkaure
   203 | D        | Mangled by Menkaure

Illustrated notes

Levels and vault maps discovered:
D:        the_violet_keep_of_menkaure [sprint2_stairs_cluster_1,
          sprint2_shoproom, sprint2_temple, sprint2_basic_supplies,
          sprint2_obstacle_2, sprint2_obstacle_1, sprint2_obstacle_7,
          sprint2_obstacle_6, sprint2_obstacle_4, sprint2_timed_cluster_1,
          sprint2_smallroom_cluster_1, sprint2_smallroom_final_cluster_1,
          sprint2_transparent_cluster_1, sprint2_second_timed_cluster_1,
          sprint2_sniper_area_1, sprint2_heavy_combat_area_1,
          sprint2_mutation_trap_area_1, sprint2_forest_area_1,
          sprint2_light_combat_area_1, sprint2_behind_water_1,
          sprint2_near_end_vault_1]

Skill      XL: |  1 |
---------------+----+-----
Maces & Flails | 5 |  5.0
Fighting       | |  3.6
Axes           | |  2.4
Armour         | |  3.6
Shields        | |  3.6

Action                   || total
-------------------------++-------
Melee: War axe           ||    16
       Headbutt          ||     2
  Use: Potion            ||     3
Armor: Scale mail        ||     3
Dodge: Dodged            ||     2
Block: Buckler           ||     1

Table legend: (Time is in decaauts)
 A = Elapsed time spent in this place.
 B = Non-inter-level travel time spent in this place.
 C = Inter-level travel time spent in this place.
 D = Time resting spent in this place.
 E = Time spent auto-exploring this place.
 F = Levels seen in this place.
 G = Mean time per level.
                   A        B        C        D        E       F      G
               +--------+--------+--------+--------+--------+-----+--------+
         Total |    220 |    220 |      0 |    179 |      0 |   1 |  220.0 |
       Dungeon |    220 |    220 |      0 |    179 |      0 |   1 |  220.0 |
               +--------+--------+--------+--------+--------+-----+--------+

Top non-repeatable levels by time:
       D: 220 daAuts
